Map: 暮色之塔

Players

Quail - Winner!

  • Race: Protoss Protoss
  • League: Diamond

Nkisi

  • Race: Zerg Zerg
  • League: Gold

VOD

Have the link to the VOD?

Description

Time

  • Played on: Dec. 7, 2015, 7:57 a.m.
  • Length: 14:03
Show
View Real Time Build Order
Export as new Build Order

Quail Protoss - Winner!

Build Orders: Nexus First 

Get SALT Encoding   

  12  0:01  Probe (Chrono Boost)  
  13  0:11  Probe (Chrono Boost)  
  14  0:18  Pylon  
  14  0:22  Probe (Chrono Boost)  
  15  0:36  Probe (Chrono Boost)  
  16  0:47  Probe (Chrono Boost)  
  17  0:57  Nexus  
  17  1:08  Gateway  
  17  1:12  Probe (Chrono Boost)  
  17  1:17  Assimilator  
  18  1:22  Probe (Chrono Boost)  
  19  1:26  Assimilator  
  19  1:33  Probe (Chrono Boost)  
  20  1:43  Probe (Chrono Boost)  
  20  1:46  Pylon  
  22  1:54  Probe (Chrono Boost)  
  22  1:56  Cybernetics Core  
  22  2:05  Probe (Chrono Boost)  
  23  2:10  Zealot (Chrono Boost)  
  23  2:13  Probe (Chrono Boost)  
  23  2:15  Probe (Chrono Boost)  
  27  2:23  Probe  
  27  2:27  Probe  
  29  2:33  Probe  
  29  2:34  Warp Gate  
  30  2:38  Twilight Council  
  30  2:41  Adept (Chrono Boost)  
  30  2:43  Probe  
  33  2:47  Probe  
  33  2:55  Probe  
  33  2:57  Probe  
  34  2:59  Gateway  
  35  3:06  Pylon  
  35  3:09  Probe  
  35  3:11  Mothership Core  
  38  3:20  Probe  
  38  3:22  Charge (Chrono Boost)  
  39  3:32  Probe, Zealot  
  42  3:40  Probe, Pylon  
  42  3:44  Probe, Gateway  
  44  3:50  Probe, Zealot  
  47  3:56  Probe  
  47  4:01  Probe  
  46  4:08  Probe  
  46  4:09  Robotics Facility  
  48  4:16  Gateway x2  
  48  4:19  Zealot  
  48  4:20  Adept  
  52  4:29  Gateway  
  52  4:30  Gateway  
  52  4:34  Gateway  
  52  4:36  Gateway  
  52  4:46  Pylon  
  52  4:53  Pylon  
  52  4:56  Warp Prism (Chrono Boost)  
  54  5:04  Zealot  
  54  5:05  Probe  
  54  5:06  Probe  
  58  5:09  Adept  
  58  5:10  Adept  
  62  5:27  Zealot x4  
  74  5:28  Immortal (Chrono Boost)  
  74  5:36  Zealot x2  
  74  5:42  Pylon  
  78  5:44  Pylon  
  78  5:46  Pylon x2  
  78  6:01  Adept  
  78  6:02  Adept x5  
  90  6:07  Resonating Glaives  
  90  6:22  Zealot x2  
  90  6:23  Zealot x4  
  84  6:44  Zealot x2  
  84  6:45  Zealot x5  
  86  6:59  Immortal (Chrono Boost)  
  84  7:06  Stalker x3  
  84  7:07  Stalker  
  74  7:22  Adept x2  
  66  7:23  Adept x2  
  50  7:33  Stalker x3  
  54  7:44  Adept x3  
  54  7:45  Adept  
  66  7:52  Immortal (Chrono Boost)  
  66  7:57  Stalker  
  68  8:05  Assimilator  
  68  8:09  Assimilator  
  68  8:14  Mothership Core  
  68  8:15  Stalker x3  
  76  8:31  Immortal (Chrono Boost)  
  74  8:55  Adept  
  74  8:56  Adept  
  72  9:04  Nexus  
  72  9:06  Pylon  
  72  9:07  Robotics Bay  
  72  9:08  Pylon  
  72  9:24  Immortal (Chrono Boost)  
  76  9:25  Zealot x3  
  82  9:35  Adept x3  
  88  9:43  Adept  
  90  9:57  Stalker x2, Disruptor (Chrono Boost)  
  91  10:24  Robotics Facility  
  91  10:25  Adept x4  
  91  10:26  Probe  
  91  10:27  Probe  
  100  10:36  Probe, Disruptor (Chrono Boost)  
  100  10:39  Probe  
  102  10:50  Zealot x2  
  106  11:02  Assimilator  
  104  11:06  Assimilator  
  104  11:07  Disruptor (Chrono Boost)  
  105  11:15  Disruptor (Chrono Boost)  
  108  11:28  Zealot x3  
  116  11:42  Warp Prism (Chrono Boost)  
  116  11:45  Stalker x3  
  116  11:46  Disruptor (Chrono Boost)  
  125  11:50  Zealot x2  
  129  12:04  Gravitic Drive  
  127  12:16  Observer (Chrono Boost)  
  127  12:17  Disruptor (Chrono Boost)  
  125  12:39  Disruptor (Chrono Boost)  
  125  12:43  Stalker  
  127  12:48  Disruptor (Chrono Boost)  
  127  12:50  Zealot  
  132  12:56  Pylon  
  118  12:58  Pylon  
  118  13:01  Pylon  
  118  13:02  Zealot x3  
  118  13:03  Pylon, Zealot x3  
  133  13:15  Disruptor (Chrono Boost)  
  133  13:19  Disruptor (Chrono Boost)  
  134  13:21  Stalker x2  
  138  13:34  Stalker x2  
  126  13:47  Zealot x3  
Show
View Real Time Build Order
Export as new Build Order

Nkisi Zerg 

Build Orders: Hatch First, Lurkers 

Get SALT Encoding   

  12  0:06  Drone  
  13  0:11  Drone  
  14  0:17  Overlord  
  14  0:36  Drone  
  14  0:39  Drone  
  16  0:53  Hatchery  
  16  0:55  Drone  
  16  1:08  Spawning Pool  
  16  1:09  Drone  
  16  1:20  Drone  
  16  1:23  Drone  
  18  1:44  Overlord  
  18  1:54  Hatchery  
  18  1:58  Zergling x2  
  18  1:59  Zergling x2  
  19  2:04  Queen  
  19  2:05  Drone x2  
  23  2:11  Extractor  
  22  2:16  Queen  
  22  2:22  Drone x2  
  26  2:27  Drone  
  27  2:31  Drone  
  28  2:40  Drone  
  29  2:45  Drone  
  30  2:53  Drone x2  
  30  2:57  Queen  
  34  3:03  Overlord  
  34  3:04  Drone  
  35  3:07  Drone  
  35  3:11  Queen  
  38  3:15  Drone x3  
  41  3:21  Drone x3  
  44  3:27  Metabolic Boost  
  44  3:34  Roach Warren  
  44  3:39  Drone x2  
  45  3:41  Overlord  
  45  3:54  Drone x4  
  45  3:55  Drone  
  50  4:10  Overlord  
  50  4:13  Extractor  
  50  4:14  Lair, Extractor  
  50  4:15  Extractor  
  50  4:16  Zergling x10  
  52  4:21  Overlord  
  52  4:28  Drone x2  
  52  4:29  Drone  
  52  4:30  Overlord  
  55  4:40  Overlord  
  55  4:42  Roach  
  55  4:43  Roach x5  
  67  4:50  Spine Crawler  
  67  4:51  Drone x3  
  70  4:52  Drone  
  70  4:53  Drone x3  
  73  5:03  Evolution Chamber  
  72  5:10  Drone x3  
  75  5:14  Glial Reconstitution  
  75  5:16  Overseer  
  75  5:25  Drone x3, Spore Crawler  
  77  5:29  Drone  
  77  5:30  Drone x2, Zerg Melee Weapons Level 1  
  80  5:35  Evolution Chamber  
  80  5:37  Spore Crawler  
  80  5:38  Drone  
  80  5:40  Drone x4, Extractor  
  82  5:50  Overlord  
  82  5:57  Overlord  
  82  6:00  Spine Crawler  
  81  6:06  Ravager  
  81  6:07  Overlord  
  81  6:11  Zerg Missile Weapons Level 1  
  82  6:12  Roach x4  
  88  6:22  Roach x6  
  89  6:34  Roach x9  
  89  6:36  Queen  
  89  6:39  Roach  
  104  6:45  Roach x3  
  99  6:54  Roach  
  99  6:55  Roach  
  101  7:02  Queen  
  101  7:10  Roach  
  101  7:11  Roach x3  
  87  7:44  Zerg Ground Armor Level 1  
  87  7:48  Hatchery  
  86  7:52  Ravager x4  
  86  7:53  Ravager x7  
  86  7:54  Ravager  
  86  7:56  Overlord  
  98  7:59  Drone x2  
  100  8:07  Overlord  
  100  8:10  Zerg Missile Weapons Level 2  
  95  8:35  Roach  
  95  8:36  Roach x6  
  98  8:53  Drone x2  
  100  9:12  Drone x2  
  100  9:15  Drone x2  
  100  9:16  Drone x9  
  113  9:26  Ravager  
  113  9:27  Ravager  
  115  9:36  Spine Crawler  
  115  9:37  Drone x5  
  116  9:51  Roach x4  
  120  10:06  Drone x3  
  120  10:07  Drone  
  111  10:29  Drone x3  
  111  10:31  Queen  
  111  10:34  Queen  
  111  10:35  Drone x2  
  120  10:36  Drone  
  120  10:40  Drone  
  120  10:41  Overlord x2, Hydralisk Den  
  121  10:45  Zerg Ground Armor Level 2  
  121  10:46  Drone  
  122  10:51  Spine Crawler  
  122  10:54  Extractor  
  120  10:57  Drone x2  
  120  10:59  Drone  
  120  11:00  Drone x2  
  99  11:14  Lurker Den  
  99  11:19  Drone x3  
  102  11:28  Drone x2  
  102  11:30  Drone x6  
  110  11:42  Hydralisk x2  
  110  11:43  Hydralisk x4  
  122  12:00  Roach x8  
  132  12:14  Overlord x2  
  132  12:16  Roach x3  
  138  12:29  Hatchery  
  119  12:42  Hydralisk x4  
  119  12:43  Hydralisk  
  129  12:45  Lurker x3  
  116  13:01  Roach  
  116  13:02  Roach x7  
  116  13:03  Ravager  
  131  13:10  Hydralisk  
  131  13:11  Hydralisk  
  135  13:24  Hydralisk x5  
  135  13:27  Ravager  
  146  13:41  Roach x3  
  91  13:50  Lurker x2  
Tags
 
Add a new tag
Caveats
  • Supply blocks, unpowered buildings, or Contaminate may cause inaccurate times.
  • Supply counts are checked every 10 seconds.